 Dungeon Crawl Stone Soup version 0.24-a0-365-ga4d96b6e6e (webtiles) character file.

Game seed: 11234977909744680773

22645 Ijustatesigmund the Basher (level 13, -1/95 HPs)
             Began as an Octopode Fighter on May 24, 2019.
             Was a High Priest of Cheibriados.
             Slain by an eight-headed hydra (12 damage)
             ... on level 13 of the Dungeon on May 27, 2019.
             The game lasted 00:33:46 (15500 turns).

Ijustatesigmund the Basher (Octopode Fighter)      Turns: 15500, Time: 00:33:47

Health: -1/95      AC:  1    Str: 28    XL:     13   Next: 1%
Magic:  16/21      EV: 14    Int: 22    God:    Cheibriados [*****.]
Gold:   714        SH: 24    Dex: 29    Spells: 12/12 levels left

rFire    + . .     SeeInvis .   a - +5 flail (freeze)
rCold    . . .     Gourm    .   l - +4 large shield
rNeg     + + .     Faith    .   (helmet restricted)
rPois    +         Spirit   .   (no amulet)
rElec    .         Reflect  .   h - ring of protection from fire
rCorr    +         Harm     .   j - ring of poison resistance
MR       +....                  p - ring of positive energy
Stlth    +++++.....             y - ring of positive energy
HPRegen  0.25/turn              B - ring of wizardry
MPRegen  0.17/turn              D - ring of stealth
                                v - ring of resist corrosion
                                (no ring)

@: very slow
A: almost no armour, stealthy swim, amphibious, 8 rings, constrict 8, camouflage
1, dopey 1, magic resistance 1, gelatinous body 1
a: Bend Time, Temporal Distortion, Slouch, Step From Time, Renounce Religion


You were on level 13 of the Dungeon.
You worshipped Cheibriados.
Cheibriados was extremely pleased with you.
You were very hungry.

You visited 2 branches of the dungeon, and saw 14 of its levels.
You also visited: Sewer.

You collected 1021 gold pieces.
You spent 307 gold pieces at shops.

Inventory:

Hand Weapons
 a - a +5 flail of freezing (weapon)
 M - a +4 flail of holy wrath
Missiles
 E - 5 throwing nets (quivered)
Armour
 l - a +4 large shield (worn)
Jewellery
 h - a ring of protection from fire (left tentacle)
 j - a ring of poison resistance (right tentacle)
 p - a ring of positive energy (on tentacle)
 v - a ring of resist corrosion (on tentacle)
 y - a ring of positive energy (on tentacle)
 B - a ring of wizardry (on tentacle)
 D - a ring of stealth (on tentacle)
Wands
 q - a wand of acid (6)
 r - a wand of enslavement (9)
 t - a wand of scattershot (5)
 u - a wand of clouds (1)
 w - a wand of flame (13)
 C - a wand of digging (11)
 F - a wand of iceblast (11)
 I - a wand of polymorph (9)
 K - a wand of disintegration (15)
Scrolls
 e - 10 scrolls of remove curse
 f - 4 scrolls of amnesia
 g - 5 scrolls of teleportation
 k - 3 scrolls of fear
 n - a scroll of immolation
 x - a scroll of blinking
 z - 4 scrolls of magic mapping
 H - 2 scrolls of identify
 J - a scroll of fog
Potions
 b - 6 potions of curing
 c - 2 potions of flight
 i - 2 potions of brilliance
 m - a potion of cancellation
 o - a potion of resistance
 s - a potion of invisibility
 G - 2 potions of lignification {unknown}
 L - a potion of mutation
Miscellaneous
 A - a phial of floods
Comestibles
 d - 27 rations


   Skills:
 - Level 11.2 Fighting
 - Level 11.4 Maces & Flails
 + Level 3.9 Dodging
 - Level 4.1 Stealth
 - Level 10.0 Shields
 - Level 10.9 Invocations
 - Level 3.1 Evocations


You had 12 spell levels left.
You didn't know any spells.
Your spell library contained the following spells:

 Spells                   Type           Power        Failure   Level  Hunger
 Animate Skeleton         Necr           N/A          41%         1    ##.....
 Beastly Appendage        Tmut           #.....       41%         1    ##.....
 Pain                     Necr           #...         41%         1    ##.....
 Sticks to Snakes         Tmut           #.......     52%         2    ###....
 Recall                   Summ/Tloc      N/A          77%         3    ####...
 Regeneration             Chrm/Necr      #.........   77%         3    ####...
 Spider Form              Tmut/Pois      #.........   77%         3    ####...
 Vampiric Draining        Necr           #.........   77%         3    ####...
 Animate Dead             Necr           N/A          98%         4    #####..
 Ice Form                 Ice/Tmut       #.......     98%         4    #####..
 Aura of Abjuration       Summ           #.........   100%        5    ######.
 Blade Hands              Tmut           #.........   100%        5    ######.
 Summon Demon             Summ           #.........   100%        5    ######.
 Summon Forest            Summ/Tloc      #.........   100%        5    ######.
 Summon Mana Viper        Hex/Summ       #.......     100%        5    ######.
 Shadow Creatures         Summ           N/A          100%        6    #######


Dungeon Overview and Level Annotations

Branches:
Dungeon (13/15)            Temple (1/1) D:4            Lair (0/6) D:9
    Orc (0/2) D:9
 Vaults: D:13-14

Altars:
Ashenzari
Cheibriados
Dithmenos
Elyvilon
Fedhas
Gozag
Hepliaklqana
Kikubaaqudgha
Makhleb
Nemelex Xobeh
Okawaru
Qazlal
Ru
Sif Muna
Trog
Uskayaw
Vehumet
Wu Jian
Xom
Yredelemnul
Zin
The Shining One

Shops:
D:4 ?%   D:6 :   D:9 [(   D:12 (

Annotations:
D:4 1 runed translucent door, Ratty's ghost, amateur DENe
D:5 1 runed translucent door, frenix's ghost, novice DsNe


Innate Abilities, Weirdness & Mutations

You cannot wear most types of armour.
You are very stealthy in the water. (Stealth+)
You are amphibious.
You can wear up to eight rings at the same time.
You can use your tentacles to constrict eight enemies at once.
Your skin changes colour to match your surroundings (Stealth+).
Your rubbery body absorbs attacks. (AC +1, EV +1)
You are dopey. (Int -2)
You are resistant to hostile enchantments. (MR+)


Message History

The eight-headed hydra bites you!
You can feel time thicken for a moment.
You feel somewhat more hungry.
Cheibriados lowers the support of your attributes as your movement quickens.
The eight-headed hydra closely misses you.
The eight-headed hydra barely misses you.
The eight-headed hydra closely misses you.
You block the eight-headed hydra's attack.
The eight-headed hydra bites you! x2; The eight-headed hydra bites you.
You block the eight-headed hydra's attack.
You sock the eight-headed hydra! You freeze the eight-headed hydra.
You squeeze the eight-headed hydra!!
The eight-headed hydra is almost dead.
The eight-headed hydra barely misses you.
You block the eight-headed hydra's attack. x3
The eight-headed hydra bites you!
* * * LOW HITPOINT WARNING * * *
The eight-headed hydra bites you!
* * * LOW HITPOINT WARNING * * *
The eight-headed hydra bites you!
You die...

#.............#
#.............#
#.............#
###..............
.................
......)..########
######..##############
###########................
......§§§D@......).........
......§#############.......
#####.. #######..##### #..
.........##### ...
.............. ....
..........#### ....#
########..# .....
#######..# .........####


You could see an eight-headed hydra.

Vanquished Creatures
  Harold (D:9)
  A two-headed ogre (D:9)
  Sonja (D:10)
  3 unseen horrors
  A deep elf mage (D:12)
  A manticore (D:12)
  4 ugly things
  Maurice (D:11)
  A centaur zombie (D:13)
  A kobold demonologist (D:11)
  A komodo dragon (D:12)
  2 trolls
  A hornet (D:12)
  4 hippogriffs
  5 slime creatures (D:13)
  A hippogriff (shapeshifter) (D:12)
  An air elemental (D:12)
  A shadow (D:12)
  A spriggan (D:7)
  A water elemental (D:12)
  7 wyverns
  16 yaks
  A fire elemental (D:12)
  5 vampire mosquitoes (D:12)
  A hungry ghost (D:9)
  2 water moccasins
  2 soldier ants
  A swamp drake (D:9)
  2 ice beasts
  A black bear (D:11)
  2 necrophages
  11 orc warriors
  4 sky beasts
  4 phantoms
  5 ogres
  10 centaurs
  A crocodile (D:9)
  A big kobold (D:11)
  6 bullfrogs
  Blork the orc (D:5)
  A wyvern zombie (D:9)
  3 scorpions
  14 killer bees
  11 wights
  A howler monkey (D:7)
  8 crimson imps
  2 bullfrog zombies
  A quasit (D:10)
  2 bullfrog skeletons
  5 hounds
  17 orc priests
  4 jellies
  2 centaur skeletons
  An iguana (D:10)
  7 orc wizards
  10 worker ants
  A killer bee zombie (D:6)
  2 hound skeletons
  15 gnolls
  A worker ant zombie (D:11)
  15 adders
  3 shadow imps
  An ooze (D:3)
  An adder skeleton (D:9)
  2 adder zombies
  5 leopard geckos
  71 orcs
  7 bats
  6 giant cockroaches
  3 goblins
  10 hobgoblins
  13 jackals
  2 quokkas
  3 ball pythons
  9 frilled lizards
  19 kobolds
  10 rats
  A plant (Sewer)
405 creatures vanquished.

Vanquished Creatures (others)
  An earth elemental (D:12)
1 creature vanquished.

Grand Total: 406 creatures vanquished

Notes
Turn   | Place    | Note
-------+----------+-------------------------------------------
     0 | D:1      | Ijustatesigmund the Octopode Fighter began the quest for
                  | the Orb.
     0 | D:1      | Reached XP level 1. HP: 16/16 MP: 1/1
   130 | D:1      | Reached XP level 2. HP: 13/21 MP: 2/2
   639 | D:2      | Reached XP level 3. HP: 26/26 MP: 3/3
   834 | D:2      | Found a basalt altar of Yredelemnul.
  1099 | D:3      | Reached XP level 4. HP: 25/31 MP: 4/4
  1154 | D:3      | Reached XP level 5. HP: 36/37 MP: 5/5
  1821 | D:3      | Found a sacrificial altar of Ru.
  2085 | D:3      | Found a burning altar of Makhleb.
  2085 | D:3      | Found a radiant altar of Vehumet.
  2302 | D:4      | Noticed a necrophage
  2307 | D:4      | Killed a necrophage
  2307 | D:4      | Reached skill level 5 in Maces & Flails
  2307 | D:4      | Reached XP level 6. HP: 37/44 MP: 6/6
  2342 | D:4      | Found a staircase to the Ecumenical Temple.
  2351 | Temple   | Entered the Ecumenical Temple
  2582 | Temple   | Became a worshipper of Cheibriados the Contemplative
  2611 | D:4      | Found a runed translucent door.
  2611 | D:4      | Noticed Ratty's ghost (amateur DENe)
  2616 | D:4      | Found Eshops's Food Emporium.
  2667 | D:4      | Reached skill level 5 in Fighting
  2852 | D:4      | Reached skill level 1 in Invocations
  2906 | D:4      | Noticed a hippogriff
  2913 | D:4      | Killed a hippogriff
  2913 | D:4      | Reached XP level 7. HP: 23/49 MP: 6/8
  3306 | D:4      | Found Uboimul's Magic Scroll Boutique.
  3311 | D:4      | Bought a scroll of identify for 28 gold pieces
  3311 | D:4      | Bought a scroll of fear for 49 gold pieces
  3311 | D:4      | Bought a scroll of teleportation for 42 gold pieces
  3910 | D:5      | Entered Level 5 of the Dungeon
  4051 | D:6      | Reached * piety under Cheibriados
  4104 | D:6      | Reached XP level 8. HP: 28/56 MP: 10/10
  4110 | D:6      | Found a glowing drain.
  4130 | Sewer    | Entered a sewer
  4464 | Sewer    | Reached ** piety under Cheibriados
  4969 | D:5      | Found a shimmering altar of Xom.
  5040 | D:5      | Found a runed translucent door.
  5245 | D:5      | Gained mutation: You are dopey. (Int -2) [potion of
                  | mutation]
  5245 | D:5      | Gained mutation: You are resistant to hostile enchantments.
                  | (MR+) [potion of mutation]
  5249 | D:5      | Noticed Blork the orc
  5254 | D:5      | Killed Blork the orc
  6055 | D:5      | Noticed frenix's ghost (novice DsNe)
  6113 | D:6      | Found a white marble altar of Elyvilon.
  6410 | D:6      | Reached *** piety under Cheibriados
  6494 | D:6      | Upgraded the game from 0.24-a0-355-gbe4061de67 to
                  | 0.24-a0-365-ga4d96b6e6e
  6614 | D:6      | Found a shimmering altar of Xom.
  6627 | D:6      | Found Utehuog's Book Shoppe.
  6665 | D:6      | Reached XP level 9. HP: 50/63 MP: 12/12
  6707 | D:6      | Reached skill level 5 in Invocations
  7636 | D:7      | Reached skill level 5 in Shields
  7648 | D:7      | Found a burning altar of Makhleb.
  7661 | D:7      | Reached **** piety under Cheibriados
  8096 | D:7      | Found a glowing golden altar of the Shining One.
  8096 | D:7      | Found a blossoming altar of Fedhas.
  8387 | D:8      | Found a white marble altar of Elyvilon.
  8398 | D:8      | Reached XP level 10. HP: 29/72 MP: 13/15
  9253 | D:8      | Reached ***** piety under Cheibriados
  9744 | D:9      | Reached skill level 1 in Stealth
  9744 | D:9      | Reached skill level 1 in Evocations
 10272 | D:9      | Found Sanus's Weapon Shop.
 10290 | D:9      | Found Herih's Armour Shoppe.
 10292 | D:9      | Found a staircase to the Orcish Mines.
 10639 | D:9      | Noticed a two-headed ogre
 10643 | D:9      | Killed a two-headed ogre
 10822 | D:9      | Reached XP level 11. HP: 68/78 MP: 16/16
 11144 | D:9      | Noticed Harold
 11152 | D:9      | Killed Harold
 11284 | D:9      | Found a staircase to the Lair.
 11485 | D:10     | Entered Level 10 of the Dungeon
 11790 | D:10     | Noticed Sonja
 11798 | D:10     | Killed Sonja
 12010 | D:10     | Killed an unseen horror
 12500 | D:11     | Reached skill level 10 in Maces & Flails
 12557 | D:11     | Reached ****** piety under Cheibriados
 12646 | D:11     | Noticed Maurice
 12654 | D:11     | Killed Maurice
 12668 | D:11     | Reached skill level 10 in Fighting
 12858 | D:11     | Found a snail-covered altar of Cheibriados.
 12907 | D:11     | Reached XP level 12. HP: 87/87 MP: 19/19
 13686 | D:12     | Reached skill level 10 in Invocations
 13807 | D:12     | Noticed a great orb of eyes
 14538 | D:12     | Found Borecvuf's Antique Weapon Shop.
 14552 | D:12     | Bought a runed flail for 188 gold pieces
 14711 | D:12     | Found a large runed translucent door.
 14711 | D:12     | Found a large runed translucent door.
 15132 | D:13     | Reached skill level 10 in Shields
 15202 | D:13     | Reached XP level 13. HP: 59/95 MP: 21/21
 15500 | D:13     | Slain by an eight-headed hydra

Levels and vault maps discovered:
D:1:      lemuel_arrival_funnel, layout_basic
D:2:      layout_basic, marbit_many_paths, chequers_mini_garden,
          hangedman_decor_push
D:3:      layout_loops_ring, grunt_temple_overflow_lords_of_destruction,
          nicolae_ru_great_annihilating_truth
D:4:      layout_basic, temple_pool_b, hellmonk_ghost_happy_afterlife,
          serial_shops, shop, shop
D:5:      layout_gridville, xom_teletrap_fun, first_ration,
          ebering_ghost_reflecting_pool, uniq_blork_the_orc
D:6:      layout_loops_ring, elyvilon_altar_5, serial_shops,
          kennysheep_mini_moat, portal_sewer_entry_f, basic_altar
D:7:      layout_basic, gammafunk_temple_overflow_wave, the_bakery,
          hangedman_decor_clover_reticule, makhleb_heckhound_becter
D:8:      layout_basic, basic_altar
D:9:      layout_loops_ring, erik_lair_dragon, orc_david_3, serial_shops,
          nicolae_shop_crystal, special_room [special_room_orc], minivault_22,
          uniq_harold
D:10:     layout_basic, grunt_ministairs_6, uniq_sonja
D:11:     layout_roguey [special_room_orc], lemuel_centaur_altar, uniq_maurice
D:12:     minmay_blocking_statues, layout_basic, serial_shops, shop,
          lightli_elemental_guards
D:13:     layout_long_grid
Temple:   dpeg_chambers_temple

Skill      XL: |  1  2  3  4  5  6  7  8  9 10 11 12 |
---------------+-------------------------------------+-----
Maces & Flails | 3 4 5 6 7 8 9 10 11 | 11.4
Fighting       | 4 5 6 8 10 11 | 11.2
Invocations    | 2 3 4 6 7 9 10 | 10.9
Shields        | 4 6 7 8 10 | 10.0
Stealth        | 4 |  4.1
Evocations     | 3 |  3.1
Dodging        | |  3.9

Action                   |  1- 3 |  4- 6 |  7- 9 | 10-12 | 13-15 || total
-------------------------+-------+-------+-------+-------+-------++-------
Melee: Flail             |    58 |    89 |   267 |   449 |     3 ||   866
       Constrict         |    20 |    24 |    60 |    75 |       ||   179
       Tentacles         |     9 |    15 |    89 |   175 |     2 ||   290
Invok: Slouch            |       |       |       |     5 |     1 ||     6
Evoke: Wand              |       |       |     8 |    10 |     1 ||    19
  Use: Scroll            |     9 |     4 |    12 |     5 |       ||    30
       Potion            |       |     2 |     2 |     2 |       ||     6
 Stab: Sleeping          |     2 |     2 |    10 |    27 |       ||    41
       Distracted        |       |     1 |       |     2 |       ||     3
       Paralysed         |       |     2 |       |       |       ||     2
       Confused          |       |       |       |     1 |       ||     1
  Eat: Chunk             |       |     3 |     7 |     3 |       ||    13
       Ration            |       |     1 |     1 |     3 |       ||     5
Armor: Skin              |     8 |     5 |     5 |     5 |       ||    23
Dodge: Dodged            |    28 |    35 |    83 |    87 |     8 ||   241
Block: Shield            |    17 |    31 |    82 |       |       ||   130
       Large shield      |       |       |   100 |   449 |    12 ||   561

Table legend:
 A = Non-vault XP
 B = Vault XP
 C = Vault XP percentage of total XP
 D = Non-vault monster count
 E = Vault monster count
 F = Vault count percentage of total count
                 A         B        C        D         E       F
            +---------+---------+-------+---------+---------+-------
      Total |   21965 |   10386 |  32.1 |     282 |     123 |  30.4
            +---------+---------+-------+---------+---------+-------
        D:1 |      31 |       0 |   0.0 |      21 |       0 |   0.0
        D:2 |      15 |       3 |  16.7 |       9 |       1 |  10.0
        D:3 |     215 |      89 |  29.3 |      33 |       5 |  13.2
        D:4 |     679 |       0 |   0.0 |      12 |       0 |   0.0
        D:5 |     354 |      96 |  21.3 |      15 |       1 |   6.2
        D:6 |    1056 |      13 |   1.2 |      25 |       5 |  16.7
        D:7 |    1564 |     254 |  14.0 |      24 |       2 |   7.7
        D:8 |    2895 |       0 |   0.0 |      33 |       0 |   0.0
        D:9 |    1969 |    2797 |  58.7 |      19 |      35 |  64.8
       D:10 |    1992 |     940 |  32.1 |      22 |       3 |  12.0
       D:11 |    2422 |    1666 |  40.8 |      24 |      31 |  56.4
       D:12 |    4547 |    4423 |  49.3 |      28 |      20 |  41.7
       D:13 |    4226 |       0 |   0.0 |      17 |       0 |   0.0
      Sewer |       0 |     105 | 100.0 |       0 |      20 | 100.0
            +---------+---------+-------+---------+---------+-------
